Map: Sequencer LE

Players

Serral - Winner!

  • Race: Zerg Zerg
  • Spawn Location: 1:00

Cloudy

  • Race: Protoss Protoss
  • Spawn Location: 7:00

Event: WCS Valencia 2017

VOD

Have the link to the VOD?

Description

Time

  • Played on: July 14, 2017, 6:11 a.m.
  • Length: 15:35

All games in this series

Show
View Real Time Build Order
Export as new Build Order

Serral Zerg - Winner!

Build Orders: Hatch First 

Get SALT Encoding   

  12  0:00  Drone  
  13  0:13  Overlord  
  13  0:17  Drone  
  14  0:31  Drone x2  
  14  0:35  Drone  
  17  0:52  Hatchery  
  17  0:55  Drone  
  17  0:58  Drone  
  18  1:09  Extractor  
  17  1:12  Spawning Pool  
  17  1:16  Drone  
  17  1:20  Drone  
  18  1:28  Drone  
  19  1:39  Overlord  
  19  1:51  Drone  
  20  2:00  Queen  
  22  2:01  Zergling x2  
  22  2:03  Queen  
  22  2:04  Zergling x2  
  26  2:09  Metabolic Boost  
  26  2:11  Drone  
  27  2:17  Drone  
  28  2:23  Drone  
  28  2:26  Drone  
  30  2:35  Drone  
  31  2:40  Hatchery  
  31  2:43  Drone  
  31  2:47  Pneumatized Carapace  
  31  2:52  Drone  
  31  2:55  Overlord  
  32  2:58  Drone  
  32  3:01  Drone  
  34  3:06  Drone  
  34  3:09  Drone  
  34  3:10  Overlord  
  36  3:14  Drone x2  
  36  3:16  Drone  
  36  3:17  Drone  
  40  3:20  Drone  
  40  3:21  Drone  
  42  3:28  Zergling x2  
  43  3:34  Queen  
  43  3:36  Drone  
  43  3:37  Drone  
  43  3:39  Drone  
  48  3:43  Drone x2  
  48  3:45  Spore Crawler  
  48  3:46  Spore Crawler, Drone  
  49  3:53  Evolution Chamber  
  49  3:54  Drone  
  49  3:55  Queen  
  49  3:59  Drone x2  
  49  4:00  Drone  
  49  4:02  Drone  
  55  4:08  Spore Crawler  
  54  4:10  Queen  
  56  4:17  Overlord  
  56  4:18  Drone x2  
  56  4:21  Overlord  
  58  4:27  Zerg Melee Weapons Level 1  
  58  4:28  Overlord  
  58  4:34  Overlord  
  58  4:40  Drone x3  
  58  4:43  Overlord  
  58  4:44  Drone x2  
  58  4:45  Drone x2  
  65  4:51  Drone x2  
  67  4:56  Zergling x8  
  67  4:59  Lair, Hatchery  
  69  5:03  Baneling Nest  
  69  5:04  Extractor  
  69  5:06  Drone x2  
  69  5:08  Overlord  
  69  5:10  Drone  
  69  5:11  Drone  
  69  5:12  Drone  
  72  5:15  Drone  
  72  5:18  Overlord  
  72  5:19  Drone x3  
  76  5:23  Extractor  
  76  5:24  Extractor  
  76  5:25  Overlord  
  76  5:27  Overlord  
  74  5:37  Spore Crawler  
  74  5:40  Drone x5  
  74  5:41  Drone x2  
  80  5:47  Spore Crawler  
  80  5:49  Spore Crawler  
  78  5:50  Extractor, Drone  
  78  5:51  Extractor  
  78  5:52  Drone x3  
  80  5:59  Centrifical Hooks, Hydralisk Den  
  80  6:03  Overseer  
  80  6:04  Drone x8  
  87  6:17  Overlord  
  87  6:19  Zergling x6  
  90  6:27  Zergling x2  
  90  6:28  Zergling x20  
  90  6:31  Muscular Augments  
  99  6:36  Overlord  
  99  6:38  Zergling x6  
  102  6:40  Zerg Melee Weapons Level 2  
  102  6:41  Hatchery  
  101  6:52  Overlord  
  101  6:57  Overlord  
  101  7:05  Hydralisk x6  
  113  7:09  Overlord  
  113  7:24  Overlord x2  
  113  7:34  Overlord  
  113  7:37  Drone x11  
  119  7:49  Overlord  
  119  7:50  Overseer  
  117  7:52  Hydralisk x7  
  117  7:55  Hatchery  
  130  8:08  Hydralisk x2  
  130  8:09  Hydralisk x6  
  146  8:13  Overlord  
  146  8:22  Hydralisk  
  146  8:23  Hydralisk x5  
  157  8:29  Zergling x6  
  157  8:30  Zergling x14  
  167  8:36  Zergling x6  
  170  8:44  Infestation Pit  
  170  8:46  Zergling x12  
  170  8:48  Spore Crawler  
  174  8:52  Overlord  
  174  8:55  Overlord  
  174  8:57  Overseer  
  174  8:58  Overseer x3  
  174  9:01  Extractor  
  174  9:02  Baneling x12  
  172  9:03  Baneling x9  
  172  9:05  Overlord x3  
  172  9:06  Baneling x5  
  172  9:12  Overlord  
  172  9:16  Zergling x18  
  141  9:45  Hydralisk  
  141  9:46  Hydralisk x4  
  141  9:47  Hive  
  146  9:59  Zergling x2, Zerg Missile Weapons Level 1  
  143  10:00  Zergling x32  
  155  10:14  Infestor, Neural Parasite  
  155  10:15  Infestor x3  
  155  10:19  Extractor x2, Drone  
  155  10:20  Drone x5  
  165  10:21  Baneling x4  
  165  10:22  Baneling x3  
  165  10:28  Drone x3  
  168  10:35  Spore Crawler x2  
  164  10:36  Spore Crawler, Hydralisk x7  
  164  10:37  Zergling x14  
  164  10:40  Spore Crawler  
  164  10:41  Spore Crawler  
  174  10:51  Zergling x22  
  173  11:05  Zergling x18  
  158  11:13  Hydralisk  
  158  11:14  Hydralisk x6  
  158  11:15  Zergling x2  
  156  11:31  Infestor x2, Drone x3  
  156  11:32  Infestor x3  
  169  11:39  Adrenal Glands  
  169  11:40  Evolution Chamber  
  168  11:50  Drone  
  168  11:51  Drone  
  168  11:53  Zergling x12  
  168  11:54  Zergling x8  
  179  12:01  Drone  
  179  12:02  Hatchery, Drone  
  179  12:05  Spore Crawler x3  
  179  12:07  Zergling x2  
  179  12:08  Zergling x16  
  186  12:14  Baneling x10  
  185  12:25  Zergling x10  
  187  12:39  Burrow  
  182  12:50  Hydralisk  
  182  12:51  Hydralisk x11  
  168  12:56  Extractor, Infestor x2  
  188  13:00  Drone x2  
  188  13:02  Overlord x2  
  190  13:22  Zerg Ground Armor Level 1  
  190  13:26  Hatchery  
  185  13:31  Infestor  
  185  13:32  Infestor x4  
  185  13:33  Pathogen Glands  
  189  13:37  Overlord  
  189  13:44  Ultralisk Cavern  
  189  13:45  Drone  
  189  13:50  Zergling x20  
  198  13:57  Overlord  
  194  14:06  Zergling x8  
  197  14:17  Spire  
  197  14:21  Drone x2  
  197  14:22  Overlord  
  196  14:34  Spore Crawler  
  195  14:51  Drone x4  
  199  14:55  Spore Crawler  
  199  14:56  Spore Crawler  
  199  14:58  Spore Crawler x2  
  199  14:59  Spore Crawler x2  
  191  15:02  Spore Crawler  
Show
View Real Time Build Order
Export as new Build Order

Cloudy Protoss 

Build Orders: Nexus First, Oracle Opening 

Get SALT Encoding   

  12  0:01  Probe (Chrono Boost)  
  13  0:12  Probe (Chrono Boost)  
  14  0:19  Pylon  
  14  0:22  Probe (Chrono Boost)  
  15  0:37  Probe (Chrono Boost)  
  16  0:47  Probe (Chrono Boost)  
  17  1:00  Nexus  
  17  1:09  Gateway  
  17  1:13  Probe (Chrono Boost)  
  18  1:18  Assimilator  
  18  1:24  Probe (Chrono Boost)  
  19  1:26  Assimilator  
  19  1:34  Probe (Chrono Boost)  
  19  1:38  Pylon  
  20  1:45  Probe (Chrono Boost)  
  21  1:55  Probe (Chrono Boost)  
  21  1:57  Cybernetics Core  
  22  2:05  Zealot (Chrono Boost)  
  22  2:06  Probe (Chrono Boost)  
  25  2:14  Probe (Chrono Boost)  
  26  2:17  Probe (Chrono Boost)  
  27  2:25  Probe (Chrono Boost)  
  27  2:27  Probe (Chrono Boost)  
  29  2:33  Stalker (Chrono Boost)  
  29  2:34  Warp Gate  
  29  2:35  Probe  
  29  2:36  Probe  
  33  2:46  Stargate  
  33  2:47  Probe  
  33  2:48  Probe  
  35  2:59  Probe (Chrono Boost)  
  35  3:00  Gateway  
  35  3:03  Probe (Chrono Boost)  
  37  3:11  Probe (Chrono Boost)  
  38  3:14  Probe (Chrono Boost)  
  38  3:18  Assimilator  
  39  3:20  Assimilator  
  39  3:21  Probe (Chrono Boost)  
  39  3:24  Probe (Chrono Boost)  
  41  3:30  Pylon, Probe (Chrono Boost)  
  41  3:32  Oracle (Chrono Boost)  
  45  3:35  Probe  
  46  3:46  Probe  
  47  3:51  Probe  
  47  3:52  Nexus  
  48  3:57  Probe  
  48  3:59  Pylon  
  49  4:03  Probe  
  49  4:08  Probe  
  49  4:09  Phoenix (Chrono Boost)  
  53  4:15  Probe  
  54  4:21  Probe, Pylon  
  55  4:25  Stargate  
  55  4:27  Probe  
  55  4:28  Stargate  
  56  4:38  Probe  
  58  4:39  Oracle (Chrono Boost)  
  58  4:40  Probe  
  58  4:44  Assimilator  
  61  4:47  Pylon  
  61  4:48  Probe  
  61  4:52  Probe  
  63  4:59  Probe  
  63  5:04  Probe  
  63  5:06  Mothership Core  
  65  5:10  Probe  
  65  5:11  Pylon  
  68  5:16  Probe, Oracle (Chrono Boost)  
  68  5:17  Oracle (Chrono Boost)  
  68  5:20  Probe, Oracle (Chrono Boost)  
  78  5:27  Probe  
  78  5:28  Probe  
  81  5:31  Probe  
  82  5:36  Forge  
  82  5:37  Twilight Council  
  82  5:39  Probe  
  82  5:40  Probe  
  84  5:42  Pylon  
  84  5:43  Probe  
  85  5:51  Probe  
  85  5:52  Probe  
  85  5:55  Probe  
  88  5:58  Protoss Air Weapons Level 1 (Chrono Boost)  
  88  5:59  Fleet Beacon  
  88  6:03  Probe  
  89  6:04  Void Ray  
  89  6:07  Adept  
  89  6:08  Adept  
  89  6:10  Void Ray, Protoss Ground Weapons Level 1  
  101  6:23  Pylon  
  101  6:25  Void Ray  
  100  6:48  Gateway  
  100  6:49  Gateway  
  100  6:51  Gateway  
  100  6:52  Gateway  
  100  6:53  Gateway  
  100  6:54  Adept  
  100  6:55  Adept  
  100  6:56  Gateway  
  100  6:58  Gateway  
  104  7:06  Pylon  
  104  7:07  Pylon  
  104  7:09  Pylon  
  104  7:20  Carrier  
  109  7:23  Nexus  
  109  7:25  Pylon  
  109  7:26  Pylon  
  115  7:33  Carrier  
  115  7:40  Probe  
  115  7:41  Probe, Carrier  
  128  7:52  Charge (Chrono Boost)  
  128  8:01  Photon Cannon  
  128  8:02  Nexus  
  128  8:05  Photon Cannon  
  128  8:07  Photon Cannon  
  128  8:08  Photon Cannon x2  
  128  8:10  Photon Cannon x2  
  128  8:18  Photon Cannon  
  128  8:23  Assimilator  
  128  8:27  Assimilator  
  128  8:38  Zealot  
  128  8:39  Zealot x3  
  136  8:43  Photon Cannon  
  136  8:46  Carrier (Chrono Boost)  
  142  8:52  Templar Archives  
  130  8:56  Carrier (Chrono Boost)  
  130  8:57  Zealot x3  
  130  9:02  Zealot  
  144  9:08  Sentry x2  
  148  9:11  Pylon  
  148  9:16  Pylon  
  148  9:19  Pylon  
  148  9:20  Probe x2  
  148  9:23  Sentry  
  152  9:31  Zealot  
  154  9:34  Zealot x4  
  152  9:39  Zealot  
  135  9:45  Zealot x2  
  134  9:54  Zealot x2  
  134  9:58  Probe  
  131  10:01  Zealot  
  131  10:02  Zealot  
  131  10:03  Probe  
  127  10:12  High Templar x2  
  127  10:13  High Templar x2  
  132  10:17  Archon x2  
  132  10:23  Zealot x3  
  138  10:29  High Templar x2  
  142  10:36  Archon  
  142  10:43  Zealot x3  
  142  10:47  Sentry  
  148  10:51  Zealot x2  
  148  10:54  Zealot  
  124  11:18  Probe x3  
  98  11:30  Probe  
  98  11:31  Probe x3, Carrier (Chrono Boost)  
  101  11:43  Probe x2  
  103  11:47  Probe  
  103  11:48  Probe  
  105  11:55  Probe  
  105  11:58  Probe x2  
  105  12:01  Probe  
  109  12:07  Probe  
  110  12:08  Probe  
  110  12:10  Probe  
  105  12:30  Zealot x5  
  109  13:05  Nexus  
  109  13:13  Pylon  
  109  13:14  High Templar x4  
  117  13:23  Psionic Storm  
  116  13:29  Nexus  
  116  14:00  High Templar x2  
  120  14:06  Probe x3  
  123  14:18  Probe x2  
  123  14:23  Probe, Pylon  
  126  14:28  Zealot x2  
  126  14:30  Probe  
  126  14:31  Probe  
  132  14:35  High Templar x2  
  136  14:50  Zealot x3  
  142  15:04  Zealot x4  
Tags
 
Add a new tag
Caveats
  • Supply blocks, unpowered buildings, or Contaminate may cause inaccurate times.
  • Supply counts are checked every 10 seconds.